 Dungeon Crawl Stone Soup version 0.23-a0-189-gc87c613 (webtiles) character file.

11 Felrender the Skirmisher (level 2, -8/27 HPs)
             Began as a Minotaur Fighter on Sept 23, 2018.
             Killed from afar by a kobold (35 damage)
             ... with an exploding inner flame
             ... hexed by the player character
             ... on level 1 of the Dungeon.
             The game lasted 00:00:43 (229 turns).

Felrender the Skirmisher (Minotaur Fighter)          Turns: 229, Time: 00:00:43

Health: -8/27      AC:  7    Str: 20    XL:     2   Next: 17%
Magic:  1/1        EV:  7    Int:  5    God:
Gold:   14         SH:  9    Dex:  9    Spells: 1/1 levels left

rFire    . . .     SeeInvis .   a - +1 long sword
rCold    . . .     Gourm    .   c - +0 shield
rNeg     . . .     Faith    .   b - +0 scale mail
rPois    .         Spirit   .   (helmet restricted)
rElec    .         Reflect  .   (no cloak)
rCorr    .         Harm     .   (no gloves)
MR       .....                  (no boots)
Stlth    ..........             (no amulet)
HPRegen  0.09/turn              (no ring)
MPRegen  0.07/turn              (no ring)

@: no status effects
A: retaliatory headbutt, horns 2
a: no special abilities


You were on level 1 of the Dungeon.
You were not hungry.

You visited 1 branch of the dungeon, and saw 1 of its levels.

You collected 14 gold pieces.

Inventory:

Hand Weapons
 a - a +1 long sword (weapon)
 e - a cursed -1 short sword
Armour
 b - a +0 scale mail (worn)
 c - a +0 shield (worn)
Scrolls
 h - 2 scrolls of immolation
Potions
 d - a potion of might
Comestibles
 f - a ration
 g - 7 chunks of flesh


   Skills:
 + Level 4.0 Fighting
 + Level 2.5 Long Blades
 + Level 4.0 Armour
 + Level 3.8 Shields


You had one spell level left.
You didn't know any spells.
Your spell library was empty.

Dungeon Overview and Level Annotations

Branches:
Dungeon (1/15)

Altars:


Innate Abilities, Weirdness & Mutations

You reflexively headbutt those who attack you in melee.
You have a pair of horns on your head.


Message History

You open the door.
A kobold comes into view. It is wielding a short sword.
As you read the scroll labeled HAORHU WAAG, it crumbles to dust.
The creatures around you are filled with an inner flame!
It was a scroll of immolation.
The kobold shouts!
As you read the scroll labeled NENOQE GOESAPU, it crumbles to dust.
It is a scroll of enchant weapon.
Your +0 long sword glows red for a moment.
Firing (i - inventory) No suitable missiles.
Press: ? - help, Shift-Dir - straight line, f - kobold
Aim: a kobold, wielding a short sword (inner flame)
Okay, then.
A rat comes into view.
The kobold hits you but does no damage.
You hit the kobold.
The kobold explodes!
The fiery explosion engulfs you!
Ouch! That really hurt!
You die...

## # ..# # . #. ..# ####
#... #.. ..# ...###.#.
#.# #.#
.>.......##.####.#
...###...........#####.#
................§§§.....
).....#.##......@§§.r...
#....... #...#########.#
....#.## #...# ....#.#
###.###### ....#.#
#......# ....#.#
######.### ....#.#
#.##.§§ # ....#'###
#.#.§§§ .#
###.....#########.#.§§#
§§§.#


You could see a rat.

Vanquished Creatures
  2 dart slugs (D:1)
  A hobgoblin (D:1)
  A frilled lizard (D:1)
  3 goblins (D:1)
  A kobold (D:1)
  A rat (D:1)
9 creatures vanquished.

Notes
Turn   | Place    | Note
-------+----------+-------------------------------------------
     0 | D:1      | Felrender the Minotaur Fighter began the quest for the Orb.
     0 | D:1      | Reached XP level 1. HP: 19/19 MP: 0/0
   141 | D:1      | Reached XP level 2. HP: 22/27 MP: 1/1
   229 | D:1      | Killed from afar by a kobold

Vault maps used:
D:1:      shiori_arrival_elements

Skill      XL: |  1  2 |
---------------+-------+-----
Fighting       | 4 |  4.0
Armour         | 4 |  4.0
Long Blades    | |  2.5
Shields        | |  3.8

Action                   || total
-------------------------++-------
Melee: Long sword        ||    27
       Headbutt          ||     5
  Use: Scroll            ||     2
Armor: Scale mail        ||    13
Dodge: Dodged            ||    11
Block: Shield            ||    14
       Rpst.: Long sword ||     5

Table legend:
 A = Non-vault XP
 B = Vault XP
 C = Vault XP percentage of total XP
 D = Non-vault monster count
 E = Vault monster count
 F = Vault count percentage of total count
                 A         B        C        D         E       F
            +---------+---------+-------+---------+---------+-------
      Total |      17 |       0 |   0.0 |       9 |       0 |   0.0
            +---------+---------+-------+---------+---------+-------
        D:1 |      17 |       0 |   0.0 |       9 |       0 |   0.0
            +---------+---------+-------+---------+---------+-------
